EL
TRENTON THUNDER @ CHATTANOOGA LOOKOUTS
06/14/2049
 
TOP OF THE 1ST
Trenton Thunder batting - Pitching for Chattanooga Lookouts : LHP Jon Lizarraga
Pitching: LHP Jon Lizarraga
Batting: LHB Justin O'Neal 0-0: Ground out 5-3 (Groundball, 56, EV 85.6 MPH)
Batting: RHB Phil Reeves 0-0: Ball
1-0: Called Strike
1-1: Called Strike
1-2: Foul Ball, location: 2F
1-2: Foul Ball, location: 2F
1-2: Strikes out looking
Batting: SHB Corey Penson 0-0: Ball
1-0: Ball
2-0: Ground out 5-3 (Groundball, 56S, EV 93.8 MPH)
Top of the 1st over - 0 runs, 0 hits, 0 errors, 0 left on base; Trenton 0 - Chattanooga 0
BOTTOM OF THE 1ST
Chattanooga Lookouts batting - Pitching for Trenton Thunder : RHP George Rosario
Pitching: RHP George Rosario
Batting: SHB Matt Urbani 0-0: Ball
1-0: Ground out 5-3 (Groundball, 6, EV 105.0 MPH)
Batting: RHB Mike Craver 0-0: Called Strike
0-1: Foul Ball, location: 2F
0-2: Strikes out swinging
Batting: LHB Shaun Price 0-0: Ball
1-0: SINGLE (Groundball, 4S, EV 70.0 MPH) (infield hit)
Batting: LHB Kuemon Shishido 0-0: Ball
1-0: Ball
2-0: Ball
3-0: Called Strike
3-1: Called Strike
3-2: Foul Ball, location: 2F
3-2: Foul Ball, location: 2F
3-2: SINGLE (Groundball, 34D, EV 108.1 MPH)
Shaun Price to second
Shaun Price to third
Batting: LHB Marshall Daul 0-0: Called Strike
0-1: Foul Ball, location: 2F
0-2: Ball
1-2: Ball
2-2: Ball
3-2: Base on Balls
Kuemon Shishido to second
Batting: RHB Manuel Juarez 0-0: Ball
1-0: SINGLE (Groundball, 56D, EV 103.8 MPH)
Shaun Price scores
Kuemon Shishido to third
Marshall Daul to second
Runner from 3rd tries for Home, SAFE, throw by LF to home
Marshall Daul to third
Manuel Juarez to second
Batting: RHB Michael McDonald 0-0: Foul Ball, location: 2F
0-1: Foul Ball, location: 2F
0-2: Ball
1-2: Ground out 5-3 (Groundball, 15, EV 80.6 MPH)
Bottom of the 1st over - 2 runs, 3 hits, 0 errors, 2 left on base; Trenton 0 - Chattanooga 2
TOP OF THE 2ND
Trenton Thunder batting - Pitching for Chattanooga Lookouts : LHP Jon Lizarraga
Batting: RHB Bryan Westray 0-0: Ball
1-0: Called Strike
1-1: Foul Ball, location: 2F
1-2: Foul Ball, location: 2F
1-2: Reached on error, E6 (Groundball, 6M, EV 91.9 MPH)
Batting: RHB Javier Umanzor 0-0: Ball
1-0: 2-RUN HOME RUN (Flyball, 78XD, EV 103.1 MPH), Distance : 404 ft
Batting: RHB Nazeeh Zubair 0-0: Called Strike
0-1: Ball
1-1: Ball
2-1: Foul Ball, location: 2F
2-2: Ball
3-2: Base on Balls
Batting: RHB Elmar Adenauer 0-0: Ball
1-0: Called Strike
1-1: Ball
2-1: Ball
3-1: SINGLE (Groundball, 56D, EV 95.0 MPH)
Nazeeh Zubair to second
Batting: SHB Houston Phillips 0-0: Called Strike
0-1: Called Strike
0-2: Foul Ball, location: 2F
0-2: Strikes out swinging
Batting: LHB Bart Davies 0-0: Ball
1-0: Ball
2-0: Foul Ball, location: 2F
2-1: Called Strike
2-2: Ball
3-2: Strikes out swinging
Batting: LHB Justin O'Neal 0-0: Called Strike
0-1: Swinging Strike
0-2: Strikes out swinging
Top of the 2nd over - 2 runs, 2 hits, 1 error, 2 left on base; Trenton 2 - Chattanooga 2
BOTTOM OF THE 2ND
Chattanooga Lookouts batting - Pitching for Trenton Thunder : RHP George Rosario
Batting: RHB Juan Espinoza 0-0: Called Strike
0-1: Ball
1-1: Foul Ball, location: 2F
1-2: Strikes out looking
Batting: RHB David Nardone 0-0: Called Strike
0-1: Ball
1-1: Bunt missed!
1-2: SINGLE (Line Drive, 3D, EV 95.6 MPH)
Batting: SHB Matt Urbani 0-0: Called Strike
0-1: Ball
1-1: Ball
David Nardone steals 2nd base (no throw)
2-1: Ball
3-1: Base on Balls
Batting: RHB Mike Craver 0-0: Called Strike
0-1: Ball
1-1: Called Strike
1-2: Ball
2-2: Ball
3-2: Foul Ball, location: 2F
3-2: Fly out, F7 (Line Drive, 7S, EV 92.5 MPH)
Batting: LHB Shaun Price 0-0: Called Strike
0-1: Swinging Strike
0-2: Ball
1-2: Fielders Choice at 2nd, U4 (Groundball, 4M, EV 100.6 MPH)
Bottom of the 2nd over - 0 runs, 1 hit, 0 errors, 2 left on base; Trenton 2 - Chattanooga 2
TOP OF THE 3RD
Trenton Thunder batting - Pitching for Chattanooga Lookouts : LHP Jon Lizarraga
Batting: RHB Phil Reeves 0-0: Foul Ball, location: 2F
0-1: Ball
1-1: Ball
2-1: Ball
3-1: DOUBLE (Line Drive, 89XD, EV 98.8 MPH)
Batting: SHB Corey Penson 0-0: SINGLE (Line Drive, 4MD, EV 98.8 MPH)
Phil Reeves to third
Runner from 3rd tries for Home, SAFE, throw by CF to home
Batting: RHB Bryan Westray 0-0: DOUBLE (Line Drive, 8RD, EV 101.9 MPH)
Corey Penson to third
Batting: RHB Javier Umanzor 0-0: Called Strike
0-1: Called Strike
0-2: Ground out 5-3 (Groundball, 56, EV 82.5 MPH)
Corey Penson scores
Batting: RHB Nazeeh Zubair 0-0: Called Strike
0-1: Foul Ball, location: 2F
0-2: Strikes out swinging
Batting: RHB Elmar Adenauer 0-0: SINGLE (Line Drive, 6M, EV 98.1 MPH)
Bryan Westray to third
Runner from 3rd tries for Home, SAFE, throw by CF to home
Batting: SHB Houston Phillips 0-0: Ball
1-0: Ball
2-0: Foul Ball, location: 2F
2-1: Foul Ball, location: 2F
2-2: Ball
3-2: Fly out, F3 (Line Drive, 3L, EV 66.9 MPH)
Top of the 3rd over - 3 runs, 4 hits, 0 errors, 1 left on base; Trenton 5 - Chattanooga 2
BOTTOM OF THE 3RD
Chattanooga Lookouts batting - Pitching for Trenton Thunder : RHP George Rosario
Batting: LHB Kuemon Shishido 0-0: Ball
1-0: Foul Ball, location: 2F
1-1: Swinging Strike
1-2: Strikes out swinging
Batting: LHB Marshall Daul 0-0: Ball
1-0: Ball
2-0: Ball
3-0: Base on Balls
Batting: RHB Manuel Juarez 0-0: Foul Ball, location: 2F
0-1: Called Strike
0-2: Ball
1-2: Foul Ball, location: 2F
1-2: Ball
2-2: Ball
Wild Pitch!
Marshall Daul to second
3-2: Base on Balls
Batting: RHB Michael McDonald 0-0: Grounds into double play, 5-4-3 (Groundball, 56S, EV 81.2 MPH)
Bottom of the 3rd over - 0 runs, 0 hits, 0 errors, 1 left on base; Trenton 5 - Chattanooga 2
TOP OF THE 4TH
Trenton Thunder batting - Pitching for Chattanooga Lookouts : LHP Jon Lizarraga
Batting: LHB Bart Davies 0-0: Foul Ball, location: 2F
0-1: Called Strike
0-2: Ball
1-2: Ball
2-2: Ball
3-2: SINGLE (Line Drive, 7S, EV 111.2 MPH)
Batting: LHB Justin O'Neal 0-0: Called Strike
0-1: Ground out 3-1 (Groundball, 34S, EV 86.2 MPH)
Bart Davies to second
Batting: RHB Phil Reeves 0-0: Called Strike
0-1: Swinging Strike
0-2: Ball
1-2: Strikes out swinging
Batting: SHB Corey Penson 0-0: Swinging Strike
0-1: Fly out, F8 (Flyball, 89M, EV 78.1 MPH)
Top of the 4th over - 0 runs, 1 hit, 0 errors, 1 left on base; Trenton 5 - Chattanooga 2
BOTTOM OF THE 4TH
Chattanooga Lookouts batting - Pitching for Trenton Thunder : RHP George Rosario
Batting: RHB Juan Espinoza 0-0: Called Strike
0-1: Ball
1-1: Fly out, F9 (Flyball, 9S, EV 86.9 MPH)
Batting: RHB David Nardone 0-0: Ball
1-0: Foul Ball, location: 2F
1-1: Ball
2-1: Called Strike
2-2: Ball
3-2: Strikes out swinging
Batting: SHB Matt Urbani 0-0: Called Strike
0-1: Foul Ball, location: 2F
0-2: Ground out 6-3 (Groundball, 4M, EV 101.9 MPH)
Bottom of the 4th over - 0 runs, 0 hits, 0 errors, 0 left on base; Trenton 5 - Chattanooga 2
TOP OF THE 5TH
Trenton Thunder batting - Pitching for Chattanooga Lookouts : LHP Jon Lizarraga
Batting: RHB Bryan Westray 0-0: Called Strike
0-1: Reached on error, E5 (Groundball, 56, EV 87.5 MPH)
Batting: RHB Javier Umanzor 0-0: Called Strike
0-1: Swinging Strike
0-2: Ball
1-2: Ball
2-2: Strikes out looking
Batting: RHB Nazeeh Zubair Pickoff Throw to First - Out! 1-3
0-0: Called Strike
0-1: Reached on error, E2 (Groundball, 13S, EV 71.9 MPH)
Batting: RHB Elmar Adenauer 0-0: Ball
1-0: Foul Ball, location: 2F
1-1: Ball
2-1: Foul Ball, location: 2F
2-2: Strikes out swinging
Top of the 5th over - 0 runs, 0 hits, 2 errors, 1 left on base; Trenton 5 - Chattanooga 2
BOTTOM OF THE 5TH
Chattanooga Lookouts batting - Pitching for Trenton Thunder : RHP George Rosario
Batting: RHB Mike Craver 0-0: Foul Ball, location: 2F
0-1: Fly out, F9 (Flyball, 89M, EV 90.6 MPH)
Batting: LHB Shaun Price 0-0: Ball
1-0: SINGLE (Line Drive, 34, EV 94.4 MPH)
Batting: LHB Kuemon Shishido 0-0: Called Strike
0-1: Foul Ball, location: 2F
0-2: Ball
1-2: Ball
2-2: Ball
3-2: Foul Ball, location: 2F
3-2: Fly out, F9 (Flyball, 89S, EV 86.2 MPH)
Batting: LHB Marshall Daul 0-0: Called Strike
0-1: Foul Ball, location: 2F
0-2: Ball
1-2: Ball
2-2: Foul Ball, location: 2F
2-2: Strikes out looking
Bottom of the 5th over - 0 runs, 1 hit, 0 errors, 1 left on base; Trenton 5 - Chattanooga 2
TOP OF THE 6TH
Trenton Thunder batting - Pitching for Chattanooga Lookouts : LHP Jon Lizarraga
Batting: SHB Houston Phillips 0-0: Called Strike
0-1: Ground out 4-3 (Groundball, 4, EV 80.6 MPH)
Batting: LHB Bart Davies 0-0: Ball
1-0: Ground out U3 (Groundball, 3, EV 90.6 MPH)
Batting: LHB Justin O'Neal 0-0: Called Strike
0-1: Foul Ball, location: 2F
0-2: Ball
1-2: Foul Ball, location: 2F
1-2: Ball
2-2: Fly out, F8 (Flyball, 8RD, EV 100.0 MPH)
Top of the 6th over - 0 runs, 0 hits, 0 errors, 0 left on base; Trenton 5 - Chattanooga 2
BOTTOM OF THE 6TH
Chattanooga Lookouts batting - Pitching for Trenton Thunder : RHP George Rosario
Batting: RHB Manuel Juarez 0-0: Hit by Pitch
Batting: RHB Michael McDonald 0-0: Ball
1-0: Ball
2-0: 2-RUN HOME RUN (Flyball, 7LD, EV 96.2 MPH), Distance : 355 ft
Pitching: RHP Jimmy Wilder
Batting: RHB Juan Espinoza 0-0: Foul Ball, location: 2F
0-1: Foul Ball, location: 2F
0-2: Ball
1-2: Foul Ball, location: 2F
1-2: Fly out, F8 (Line Drive, 8RM, EV 85.6 MPH)
Batting: RHB David Nardone 0-0: Foul Ball, location: 2F
0-1: Ball
1-1: Called Strike
1-2: Ball
2-2: Ball
3-2: Strikes out swinging
Batting: SHB Matt Urbani 0-0: Ball
1-0: Fly out, F7 (Flyball, 7LSF, EV 86.2 MPH)
Bottom of the 6th over - 2 runs, 1 hit, 0 errors, 0 left on base; Trenton 5 - Chattanooga 4
TOP OF THE 7TH
Trenton Thunder batting - Pitching for Chattanooga Lookouts : LHP Jon Lizarraga
Pitching: RHP John Morrison
Batting: RHB Phil Reeves 0-0: Ball
1-0: Ground out U3 (Groundball, 13, EV 88.1 MPH)
Batting: SHB Corey Penson 0-0: Ground out 5-3 (Groundball, 5, EV 105.0 MPH)
Batting: RHB Bryan Westray 0-0: Called Strike
0-1: Foul Ball, location: 2F
0-2: Foul Ball, location: 2F
0-2: Ball
1-2: Foul Ball, location: 2F
1-2: Ball
2-2: Ball
3-2: SINGLE (Groundball, 34S, EV 70.0 MPH) (infield hit)
Batting: RHB Javier Umanzor 0-0: Ball
1-0: Ground out 4-3 (Groundball, 4, EV 85.0 MPH)
Top of the 7th over - 0 runs, 1 hit, 0 errors, 1 left on base; Trenton 5 - Chattanooga 4
BOTTOM OF THE 7TH
Chattanooga Lookouts batting - Pitching for Trenton Thunder : RHP Jimmy Wilder
Pitching: RHP Joe Shaw
Batting: RHB Mike Craver 0-0: Called Strike
0-1: Ball
1-1: Ball
2-1: Foul Ball, location: 2F
2-2: Ball
3-2: SINGLE (Line Drive, 9LS, EV 106.2 MPH)
Batting: LHB Shaun Price 0-0: Grounds into double play, 6-4-3 (Groundball, 56, EV 100.0 MPH)
Batting: LHB Kuemon Shishido 0-0: Ball
1-0: Swinging Strike
1-1: Ball
2-1: Ground out 6-3 (Groundball, 6M, EV 90.6 MPH)
Bottom of the 7th over - 0 runs, 1 hit, 0 errors, 0 left on base; Trenton 5 - Chattanooga 4
TOP OF THE 8TH
Trenton Thunder batting - Pitching for Chattanooga Lookouts : RHP John Morrison
Batting: RHB Nazeeh Zubair 0-0: SINGLE (Groundball, 6MD, EV 97.5 MPH)
Batting: RHB Elmar Adenauer 0-0: Bunted foul
0-1: Bunted foul
0-2: Ball
1-2: Fielders Choice at 2nd, 6-4 (Groundball, 56, EV 104.4 MPH)
Batting: SHB Houston Phillips 0-0: Called Strike
0-1: Ball
1-1: Ball
2-1: Ball
3-1: Ground out 5-3 (Groundball, 5, EV 83.8 MPH)
Elmar Adenauer to second
Batting: LHB Bart Davies 0-0: Swinging Strike
0-1: Called Strike
0-2: Ball
1-2: Strikes out swinging
Top of the 8th over - 0 runs, 1 hit, 0 errors, 1 left on base; Trenton 5 - Chattanooga 4
BOTTOM OF THE 8TH
Chattanooga Lookouts batting - Pitching for Trenton Thunder : RHP Joe Shaw
Pitching: RHP Jarred Sharp
Batting: LHB Marshall Daul 0-0: Ball
1-0: Foul Ball, location: 2F
1-1: Foul Ball, location: 2F
1-2: Ball
2-2: Ball
3-2: SINGLE (Groundball, 3D, EV 96.9 MPH)
Batting: RHB Manuel Juarez 0-0: Bunted foul
0-1: Bunted foul
0-2: Foul Ball, location: 2F
0-2: Ball
1-2: Ball
2-2: Ground out 5-3 (Groundball, 56S, EV 88.1 MPH)
Marshall Daul to second
Batting: RHB Michael McDonald 0-0: SINGLE (Groundball, 4M, EV 102.5 MPH) (infield hit)
Marshall Daul to third
Batting: RHB Juan Espinoza 0-0: Foul Ball, location: 2F
0-1: SINGLE (Groundball, 4MD, EV 105.6 MPH)
Marshall Daul scores
Michael McDonald to second
Batting: RHB David Nardone 0-0: Bunt missed!
0-1: Bunted foul
0-2: Hit by Pitch
Michael McDonald to third
Juan Espinoza to second
Batting: SHB Matt Urbani 0-0: Ball
1-0: Foul Ball, location: 2F
1-1: Foul Ball, location: 2F
1-2: Ball
2-2: Strikes out looking
Pitching: RHP Antonio Castillo
Batting: RHB Mike Craver 0-0: Ball
1-0: Ball
2-0: Swinging Strike
2-1: Called Strike
2-2: Ball
3-2: Foul Ball, location: 2F
3-2: Base on Balls
Michael McDonald scores
Juan Espinoza to third
David Nardone to second
Batting: LHB Shaun Price 0-0: Ball
1-0: Called Strike
1-1: Foul Ball, location: 2F
1-2: Ground out 4-3 (Groundball, 4, EV 104.4 MPH)
Bottom of the 8th over - 2 runs, 3 hits, 0 errors, 3 left on base; Trenton 5 - Chattanooga 6
TOP OF THE 9TH
Trenton Thunder batting - Pitching for Chattanooga Lookouts : RHP John Morrison
Pitching: RHP Tom Aagaard
Batting: LHB Justin O'Neal 0-0: Called Strike
0-1: Swinging Strike
0-2: Strikes out swinging
Pinch Hitting: SHB David Stewart 0-0: Called Strike
0-1: Ball
1-1: Ball
2-1: SOLO HOME RUN (Flyball, 9D, EV 97.5 MPH), Distance : 364 ft
Batting: SHB Corey Penson 0-0: Ball
1-0: Ball
2-0: Called Strike
2-1: Foul Ball, location: 2F
2-2: Ball
3-2: Fly out, F8 (Line Drive, 78M, EV 95.6 MPH)
Batting: RHB Bryan Westray 0-0: Foul Ball, location: 2F
0-1: SINGLE (Groundball, 4M, EV 103.1 MPH) (infield hit)
Batting: LHB Dale Anderson 0-0: Called Strike
0-1: Ground out 4-3 (Groundball, 4MS, EV 80.0 MPH)
Top of the 9th over - 1 run, 2 hits, 0 errors, 1 left on base; Trenton 6 - Chattanooga 6
BOTTOM OF THE 9TH
Chattanooga Lookouts batting - Pitching for Trenton Thunder : RHP Antonio Castillo
Now in RF: Christian Shearer
Batting: LHB Kuemon Shishido 0-0: Ball
1-0: Ball
2-0: Ball
3-0: Called Strike
3-1: Base on Balls
Batting: LHB Marshall Daul 0-0: Ball
1-0: SINGLE (Line Drive, 6M, EV 111.2 MPH)
Kuemon Shishido to second
Batting: RHB Manuel Juarez 0-0: Sac Bunt to 25 - play at first, batter OUT! 5-4
Kuemon Shishido to third
Marshall Daul to second
Batting: RHB Michael McDonald 0-0: Foul Ball, location: 2F
0-1: Foul Ball, location: 2F
0-2: Ball
1-2: Foul Ball, location: 2F
1-2: Ball
2-2: Fielders Choice at home, 6-2 (Groundball, 6MS, EV 72.5 MPH)
Marshall Daul to third
Batting: RHB Juan Espinoza 0-0: Fly out, F8 (Flyball, 8RM, EV 98.1 MPH)
Bottom of the 9th over - 0 runs, 1 hit, 0 errors, 2 left on base; Trenton 6 - Chattanooga 6
TOP OF THE 10TH
Trenton Thunder batting - Pitching for Chattanooga Lookouts : RHP Tom Aagaard
Batting: RHB Nazeeh Zubair 0-0: Foul Ball, location: 2F
0-1: Ball
1-1: Ground out 5-3 (Groundball, 56S, EV 65.6 MPH)
Batting: RHB Elmar Adenauer 0-0: Foul Ball, location: 2F
0-1: Foul Ball, location: 2F
0-2: Ball
1-2: Fly out, F7 (Flyball, 78M, EV 82.5 MPH)
Batting: SHB Houston Phillips 0-0: Ball
1-0: Swinging Strike
1-1: Foul Ball, location: 2F
1-2: Strikes out swinging
Top of the 10th over - 0 runs, 0 hits, 0 errors, 0 left on base; Trenton 6 - Chattanooga 6
BOTTOM OF THE 10TH
Chattanooga Lookouts batting - Pitching for Trenton Thunder : RHP Antonio Castillo
Batting: RHB David Nardone 0-0: Ground out 5-3 (Groundball, 56S, EV 81.2 MPH)
Batting: SHB Matt Urbani 0-0: Ground out U3 (Groundball, 3S, EV 73.8 MPH)
Batting: RHB Mike Craver 0-0: Called Strike
0-1: Called Strike
0-2: Ball
1-2: Foul Ball, location: 2F
1-2: Ball
2-2: Ball
3-2: Ground out 6-3 (Groundball, 6MD, EV 81.9 MPH)
Bottom of the 10th over - 0 runs, 0 hits, 0 errors, 0 left on base; Trenton 6 - Chattanooga 6
TOP OF THE 11TH
Trenton Thunder batting - Pitching for Chattanooga Lookouts : RHP Tom Aagaard
Pinch Hitting: RHB Sam Hubbert 0-0: Ball
1-0: DOUBLE (Line Drive, 89M, EV 101.9 MPH)
Batting: LHB Justin O'Neal 0-0: Intentional Walk
Batting: RHB Christian Shearer 0-0: Ball
Pickoff Throw to Second - Error! E1
Sam Hubbert to third
Justin O'Neal to second
1-0: Ball
2-0: Fly out, F9 (Flyball, 9D, EV 103.8 MPH)
Runner from 3rd tags up, SCORES, no throw by RF
Batting: SHB Corey Penson 0-0: Intentional Walk
Batting: RHB Bryan Westray 0-0: Ball
1-0: Ball
2-0: Ball
3-0: Base on Balls
Justin O'Neal to third
Corey Penson to second
Batting: LHB Dale Anderson 0-0: Ball
1-0: Foul Ball, location: 2F
1-1: Ball
2-1: Foul Ball, location: 2F
2-2: Ball
3-2: Strikes out swinging
Pitching: RHP Justin Gorden
Batting: RHB Nazeeh Zubair 0-0: Called Strike
0-1: Swinging Strike
0-2: Strikes out swinging
Top of the 11th over - 1 run, 1 hit, 1 error, 3 left on base; Trenton 7 - Chattanooga 6
BOTTOM OF THE 11TH
Chattanooga Lookouts batting - Pitching for Trenton Thunder : RHP Antonio Castillo
Now in CF: Alex Colon
Batting: LHB Shaun Price 0-0: SINGLE (Groundball, 56D, EV 103.8 MPH)
Batting: LHB Kuemon Shishido 0-0: Swinging Strike
0-1: Swinging Strike
0-2: Fly out, F7 (Flyball, 78S, EV 84.4 MPH)
Batting: LHB Marshall Daul 0-0: Fly out, F8 (Line Drive, 8LD, EV 86.9 MPH)
Batting: RHB Manuel Juarez 0-0: Called Strike
0-1: Ball
1-1: Ball
2-1: SINGLE (Line Drive, 56D, EV 102.5 MPH)
Shaun Price to second
Pitching: RHP Ken Howington
Batting: RHB Michael McDonald 0-0: Called Strike
0-1: Swinging Strike
0-2: Ball
1-2: Fielders Choice at 2nd, 5-4 (Groundball, 56, EV 82.5 MPH)
Bottom of the 11th over - 0 runs, 2 hits, 0 errors, 2 left on base; Trenton 7 - Chattanooga 6
Sunday, July 16th , 2023 - OOTP Baseball 24.6 Build 69